[Event "DPEM German Cup 2022"]
[Site "Magdeburg"]
[Date "2022.08.18"]
[Round "2.7"]
[White "Wong, Gengchun"]
[Black "Noetzel, Felix"]
[Result "0-1"]
[ECO "B36"]
[WhiteElo "2114"]
[BlackElo "2124"]
[Annotator "NA RC"]
[PlyCount "104"]
[EventDate "2022.08.10"]
[EventType "k.o."]
[EventCountry "GER"]
[SourceTitle "playchess.com"]
[Source "ChessBase"]
[SourceQuality "1"]
[TimeControl "40/5400+30:900+30"]

1. e4 c5 2. Nf3 Nc6 3. d4 cxd4 4. Nxd4 g6 5. c4 Nf6 6. Nc3 d6 7. Be2 Nxd4 8. Qxd4 Bg7 9. Be3 O-O 10. Qd2 Be6 11. O-O Qa5 12. f3 Rfc8 13. b3 a6 14. Rab1 b5 15. b4 Qc7 16. Nd5 Nxd5 17. exd5 Bf5 18. cxb5 Bxb1 19. b6 Qc2 20. b7 Qxd2 21. Bxd2 Bd4+ 22. Kh1 Bxa2 23. Bxa6 Rcb8 24. bxa8=Q Rxa8 25. Bb7 Ra3 26. Rc1 h5 27. h4 Rd3 28. Be1 Bb6 29. Rc6 Bd4 30. Rc1 Bb6 31. Rc6 Rd1 32. Rxb6 Rxe1+ 33. Kh2 Kg7 34. Bc6 Rd1 35. Rb5 Kf6 36. Ra5 Bc4 37. Kg3 Rd2 38. Kf4 Rxg2 39. Ke3 Rb2 40. Kd4 Be2 41. Kc3 Rb1 42. Ra2 Bf1 43. Rb2 Rxb2 44. Kxb2 g5 45. hxg5+ Kxg5 46. b5 h4 47. b6 Ba6 48. Bb5 Bb7 49. Bc6 h3 50. Bxb7 h2 51. Bc8 h1=Q 52. b7 Qg2+ 0-1

[Event "DPEM German Cup 2022"]
[Site "Magdeburg"]
[Date "2022.08.19"]
[Round "3.1"]
[White "Heinrich, Julius Tobias"]
[Black "Malinowsky, Levi"]
[Result "1/2-1/2"]
[ECO "B22"]
[WhiteElo "2074"]
[BlackElo "1814"]
[Annotator "TA"]
[PlyCount "84"]
[EventDate "2022.08.10"]
[EventType "k.o."]
[EventCountry "GER"]
[SourceTitle "playchess.com"]
[Source "ChessBase"]
[SourceQuality "1"]
[TimeControl "40/5400+30:900+30"]

1. e4 c5 2. c3 d5 3. e5 Nc6 4. Nf3 Bf5 5. Bb5 Qb6 6. Bxc6+ {[%emt 0:03:16] B22: Sicilian: 2 c3.} bxc6 7. d4 {[%emt 0:00:51] [#]} cxd4 $146 ({Predecessor:} 7... e6 8. O-O h6 9. a3 a5 10. Nbd2 a4 11. b4 axb3 12. Qxb3 Qxb3 13. Nxb3 c4 {0-1 (54) Geibel,H (1260)-Duemmke,J (1959) Gross Groenau 2008}) 8. Nxd4 Bd7 9. O-O e6 10. b4 a5 11. Be3 {[%emt 0:00:30][%cal Od4e6] Black must now prevent Nxe6!} Qc7 12. bxa5 Qxe5 13. Nb3 Nf6 (13... Bd6 $5 14. g3 Qf6 $11) 14. Bd4 Qc7 $40 {[%emt 0:04:07][%mdl 128] Black has some attack.} 15. Bb6 Qb8 16. Qd4 Bd6 17. h3 e5 18. Qe3 O-O 19. N1d2 Nh5 20. Nc5 Be6 ({Black should play} 20... Bc8 21. Rfe1 e4) 21. Rab1 Qe8 ({Black should try} 21... Bf5 $17 22. Rb3 Nf4) 22. a6 {[%emt 0:03:42] [#]} (22. Nb7 $1 $11 {was the only way to keep the balance.} Bb8 23. Bc5) 22... f5 ({Better is} 22... e4 $1 $17 {And now ...f5 would win.} 23. Nb7 Bf4) 23. Nb7 $1 $11 {[%emt 0:03:27] Pair of Knights!} f4 24. Qe2 {[%emt 0:10:17][%mdl 8192] [#]} (24. Nxd6 $11 fxe3 25. Nxe8 Rfxe8 26. Bxe3 Rxa6 27. Rb2) 24... Qg6 $1 $19 25. Kh1 (25. f3 Ng3) 25... f3 26. Nxf3 Nf4 $1 27. Nh4 Qxb1 (27... Nxe2 28. Nxg6 hxg6 29. Nxd6 $17) 28. Rxb1 Nxe2 29. Nxd6 Nxc3 30. Rb3 (30. Re1 $142 Rxa6 31. Bc5) 30... Rxa6 {[%emt 0:02:06] Strongly threatening ...d4.} 31. Bc5 Na4 32. Nb7 Rf7 33. Bd6 Bc8 34. Nc5 Nxc5 ({Not} 34... Rxf2 35. Nxa6 Bxa6 36. Rb8+ Kf7 37. Rf8+ Ke6 38. Rxf2 $17) 35. Rb8 Nd7 36. Rxc8+ Nf8 37. Nf3 Rf6 (37... e4 $19 38. Ne5 Rxf2) 38. Bxe5 $17 Re6 (38... Rxa2 $6 39. Bxf6 gxf6 40. Rxc6 $11) (38... Rf5 $17 {Hoping for ...Kf7.} 39. Bd6 Rxa2) 39. Rc7 $15 Ng6 ({Much weaker is} 39... Rxa2 40. Rxg7+ Kh8 41. Rg4+ Rxe5 42. Nxe5 Rxf2 43. Nxc6 $11) 40. Rc8+ $1 {[%emt 0:00:52] The position is equal.} Nf8 41. Rc7 Ng6 42. Rc8+ $1 Nf8 {[%emt 0:00:06] Weighted Error Value: White=0.31/Black=0.30} 1/2-1/2

[Event "DPEM German Cup 2022"]
[Site "Magdeburg"]
[Date "2022.08.19"]
[Round "3.2"]
[White "Uphoff, Lennart"]
[Black "Woelk, Tom-Frederic"]
[Result "1/2-1/2"]
[ECO "B22"]
[WhiteElo "2173"]
[BlackElo "2314"]
[Annotator "TA"]
[PlyCount "89"]
[EventDate "2022.08.10"]
[EventType "k.o."]
[EventCountry "GER"]
[SourceTitle "playchess.com"]
[Source "ChessBase"]
[SourceQuality "1"]
[TimeControl "40/5400+30:900+30"]

1. e4 c5 2. Nf3 e6 3. c3 Nf6 4. e5 Nd5 5. g3 Nc6 6. Bg2 d6 7. exd6 Bxd6 8. O-O O-O 9. d4 Qc7 {[%emt 0:10:42] B22: Sicilian: 2 c3.} 10. c4 Nde7 11. Nc3 a6 {[%emt 0:07:08] Prevents Nb5. White has an edge.} 12. Ne4 Nxd4 13. Nxd4 cxd4 14. Qxd4 {[%emt 0:02:51] [#]} Nf5 $146 ({Predecessor:} 14... Be5 15. Qc5 Nc6 16. Rd1 Qa5 17. Bd2 Qxc5 18. Nxc5 Bxb2 19. Rab1 Bd4 20. Nxb7 Bd7 {1-0 (28) Aloma Vidal,R (2437)-Dastan,B (2553) Chess.com INT 2022}) 15. Qd3 Be7 16. Rd1 h6 17. Bf4 e5 18. Bd2 Be6 19. Nc3 $1 Qxc4 20. Qxc4 Bxc4 21. b3 $36 {[%emt 0:01:18][%mdl 2048] White is pushing.} Be6 22. Bxb7 Ra7 23. Bd5 Rc7 24. Bxe6 fxe6 25. Ne4 Nd4 26. Kg2 Ba3 (26... Rc2 $11 {keeps the balance.}) 27. Bc1 $16 Be7 28. Bb2 Rc2 29. Bxd4 exd4 30. Rxd4 Bf6 31. Nxf6+ (31. Rc4 $16 Rxf2+ 32. Nxf2 (32. Kxf2 Bxa1+ 33. Ke3 e5 $16) 32... Bxa1 33. Rc6) 31... Rxf6 $11 {[%emt 0:00:04] The position is equal.} 32. Rf4 Rxf4 33. gxf4 {[%emt 0:00:05][%mdl 4096] Endgame KR-KR} Rb2 34. Kg3 Kf7 35. h3 Kf6 36. Kf3 Kf5 37. Kg3 a5 38. Kf3 Rc2 39. Kg3 g6 40. h4 h5 41. f3 Rb2 42. Re1 {[%emt 0:00:35] [#] And now Re5+ would win.} Rxa2 43. Re5+ Kf6 44. Rb5 Ra1 45. Rc5 {[%emt 0:00:25] Weighted Error Value: White=0.07 (flawless) /Black=0.07 (flawless)} 1/2-1/2

[Event "DPEM German Cup 2022"]
[Site "Magdeburg"]
[Date "2022.08.19"]
[Round "3.3"]
[White "Ehmann, Thilo"]
[Black "Puerckhauer, Soeren"]
[Result "1-0"]
[ECO "B15"]
[WhiteElo "2391"]
[BlackElo "2158"]
[Annotator "TA"]
[PlyCount "43"]
[EventDate "2022.08.10"]
[EventType "k.o."]
[EventCountry "GER"]
[SourceTitle "playchess.com"]
[Source "ChessBase"]
[SourceQuality "1"]
[TimeControl "40/5400+30:900+30"]

1. e4 d5 2. exd5 Qxd5 3. Nc3 Qd8 4. d4 c6 5. Ne4 Nf6 6. Ng3 e5 7. Be3 exd4 {[%emt 0:02:24] B15: Caro-Kann: 3 Nc3: 3...g6 and 3...dxe4 4 Nxe4 Nf6 5 Nxf6+ exf6.} 8. Qxd4 Qxd4 (8... Be7 {feels hotter.} 9. Nf3 O-O 10. Bc4 b5) 9. Bxd4 {[%emt 0:00:43] [#]} Be6 $146 {[%emt 0:00:20] Prevents Bc4. The position is equal.} ({Predecessor (3):} 9... Be7 10. a4 Be6 11. N1e2 c5 12. Bc3 O-O 13. Nf4 Bd7 14. Bc4 Bd6 15. Nfe2 Bxg3 16. Nxg3 Re8+ {1-0 (50) Saranya,J (2049)-Mahalakshmi,M (2198) Jaipur 2018}) 10. Nf3 h6 11. Bxf6 gxf6 12. Nd4 Bc5 13. O-O-O Nd7 14. Ne4 O-O-O $2 {[%emt 0:05:32] This costs Black the game.} (14... Bd5 $14) 15. Nxe6 $18 fxe6 {[%emt 0:00:02] [#]} 16. Rxd7 $1 Rxd7 17. Nxc5 Re7 18. Bc4 e5 19. Bd3 b6 20. Bf5+ Kc7 21. Ne4 h5 22. h4 {[%emt 0:00:46] Weighted Error Value: White=0.03 (flawless) /Black=0.45} 1-0

[Event "DPEM German Cup 2022"]
[Site "Magdeburg"]
[Date "2022.08.19"]
[Round "3.4"]
[White "Noetzel, Felix"]
[Black "Mueer, Sebastian"]
[Result "1/2-1/2"]
[ECO "B80"]
[WhiteElo "2124"]
[BlackElo "2161"]
[Annotator "TA"]
[PlyCount "116"]
[EventDate "2022.08.10"]
[EventType "k.o."]
[EventCountry "GER"]
[SourceTitle "playchess.com"]
[Source "ChessBase"]
[SourceQuality "1"]
[TimeControl "40/5400+30:900+30"]

1. e4 c5 2. Nf3 d6 3. d4 cxd4 4. Nxd4 Nf6 5. Nc3 a6 6. Be3 e6 7. f3 h5 {[%emt 0:00:08] B80: Sicilian Scheveningen: 6 g3 and 6 Be3, including English Attack.} 8. Be2 {[%emt 0:03:20] [#]} d5 $146 ({Black should try} 8... b5 $11) ({Predecessor:} 8... b5 9. a3 Nbd7 10. O-O Qc7 11. a4 b4 12. Na2 d5 13. c3 dxe4 14. Nxb4 Bd6 15. f4 {0-1 (36) Fier,A (2564)-Van Foreest,J (2691) Chess.com INT 2021}) 9. exd5 $14 exd5 {[%emt 0:00:22] White is slightly better.} 10. O-O Bd6 11. Bg5 Nc6 12. Kh1 Be7 13. Re1 O-O 14. Qd2 Re8 15. Rad1 Nxd4 16. Qxd4 Be6 17. Bd3 Qd7 18. Qf4 {[%emt 0:19:42] 0x0.0020b42c5e22dp-1022s more active pieces.} (18. a3 $16) 18... Rad8 (18... d4 $11 {keeps the balance.} 19. Bxf6 Bxf6) 19. Ne2 $16 Nh7 20. Bxe7 Qxe7 21. Nd4 Qd6 22. Qh4 ({Better is} 22. Nxe6 $16 {Black must now prevent Bxh7+.} fxe6 23. Bxh7+ Kxh7 24. Qf7) 22... Nf6 $14 23. c3 b5 24. a3 Bd7 25. Kg1 g6 26. Qg5 Kg7 27. Qg3 Qxg3 28. hxg3 Kf8 29. Kf2 Rxe1 30. Rxe1 Re8 31. Rxe8+ Nxe8 $11 {[%emt 0:00:50][%mdl 4096] Endgame KBN-KBN} 32. Ke3 Ke7 33. Nc2 Kd6 34. Kf4 Nc7 35. Kg5 Ne6+ 36. Kf6 Nc5 37. Ne1 Be6 38. Bc2 Nd7+ 39. Kg7 Ke7 40. Nd3 Bf5 41. Nb4 Bxc2 42. Nxc2 {[%emt 0:00:00] KN-KN} Nc5 43. Nb4 Ke6 44. Kf8 a5 45. Nc6 Nd3 46. Nd4+ Kf6 47. b4 axb4 48. axb4 Ne1 49. Nxb5 {[%emt 0:00:00] Hoping for Nd4.} Nxg2 50. Nc7 Ke5 $2 {[%emt 0:04:12][%mdl 8192] [#]} (50... Ne3 $14) 51. Kxf7 $2 (51. f4+ $1 $18 Kd6 52. Nb5+ (52. Kxf7 Kxc7 53. Kxg6 h4 $11) 52... Kd7 53. Kxf7) 51... g5 $1 {[%emt 0:00:01] aiming for ...h4. The position is equal.} 52. Ne8 {[%emt 0:03:05] b5 is the strong threat.} Ne3 {[%emt 0:01:10] Strongly threatening ...h4.} 53. b5 Nc4 {[%emt 0:00:01] Threatens to win with ...h4.} 54. Nf6 h4 55. Ng4+ Kf5 56. Nh6+ Ke5 57. Ng4+ Kf5 58. Nh6+ Ke5 {[%emt 0:00:35] Weighted Error Value: White=0.26 (precise) /Black=0.19 (very precise)} 1/2-1/2

[Event "DPEM German Cup 2022"]
[Site "Magdeburg"]
[Date "2022.08.19"]
[Round "4.1"]
[White "Woelk, Tom-Frederic"]
[Black "Ehmann, Thilo"]
[Result "0-1"]
[ECO "B97"]
[WhiteElo "2314"]
[BlackElo "2391"]
[Annotator "TA"]
[PlyCount "50"]
[EventDate "2022.08.10"]
[EventType "k.o."]
[EventCountry "GER"]
[SourceTitle "playchess.com"]
[Source "ChessBase"]
[SourceQuality "1"]
[TimeControl "40/5400+30:900+30"]

1. e4 c5 2. Nf3 d6 3. d4 cxd4 4. Nxd4 Nf6 5. Nc3 a6 6. Bg5 e6 7. f4 Qb6 8. Qd2 Qxb2 9. Rb1 Qa3 10. f5 {[%emt 0:00:03] outshines the older 10.e5.} b5 11. Rb3 {[%emt 0:12:14] B97: Sicilian Najdorf: Poisoned Pawn.} Qc5 12. Bxf6 gxf6 13. Ncxb5 $2 axb5 $19 {[%emt 0:04:34] [#]} 14. Rc3 $146 {[%emt 0:09:45] [#]} ({Predecessor:} 14. Bxb5+ Ke7 15. fxe6 fxe6 16. O-O Bg7 17. Rc3 Qa7 18. Rg3 Kf8 19. Kh1 Qe7 20. Qg5 {½-½ (32) Estrin,Y-Sorensen,H ICCF corr 1978}) 14... Bh6 $1 15. Qd3 (15. Bxb5+ Ke7) 15... Qb4 16. Kf2 $2 (16. Qxb5+ Qxb5 17. Bxb5+ Ke7 18. fxe6 fxe6 19. a4) 16... Bd7 17. fxe6 fxe6 {[%emt 0:01:24] Black is clearly winning.} 18. Be2 Bf4 19. Bh5+ Kd8 20. a3 Qa5 21. Bg4 (21. g3 $142 Be5 22. Rd1) 21... Qb6 22. Kf3 Be5 23. Nxe6+ Bxe6 24. Bxe6 {[%emt 0:00:04] [#] Rc8+ is the strong threat.} Bxc3 25. Qxc3 Nd7 {[%emt 0:00:14] White did not feel at home in the position after the opening.  Weighted Error Value: White=0.83/Black=0.27 (precise)} 0-1

[Event "DPEM German Cup 2022"]
[Site "Magdeburg"]
[Date "2022.08.19"]
[Round "4.2"]
[White "Mueer, Sebastian"]
[Black "Malinowsky, Levi"]
[Result "1-0"]
[ECO "E90"]
[WhiteElo "2161"]
[BlackElo "1814"]
[Annotator "TA"]
[PlyCount "111"]
[EventDate "2022.08.10"]
[EventType "k.o."]
[EventCountry "GER"]
[SourceTitle "playchess.com"]
[Source "ChessBase"]
[SourceQuality "1"]
[TimeControl "40/5400+30:900+30"]

1. d4 Nf6 2. Nf3 g6 3. c4 Bg7 4. Nc3 O-O 5. e4 d6 6. h3 Nbd7 7. Be3 {[%emt 0:00:16] 7.Bg5 is the fancy move.} c5 8. d5 {[%emt 0:02:02] E90: King's Indian: Classical: Early deviations and 6 h3.} Qa5 {[%emt 0:01:15] ...Nxe4 is the strong threat.} 9. Bd3 ({White should play} 9. Nd2 $16) 9... a6 (9... Nxe4 $11 10. Bxe4 Bxc3+ 11. bxc3 Qxc3+ 12. Bd2 Qxc4) 10. Bd2 {[%emt 0:03:14] White is slightly better.} Qd8 11. O-O Rb8 12. Qc2 Ne8 {[%emt 0:03:17] [#]} 13. Rfe1 $146 ({Predecessor:} 13. Bg5 Ne5 14. Nxe5 dxe5 15. Be3 Qc7 16. a3 Nd6 17. Na4 b6 18. b4 Nb7 19. Rab1 {½-½ (39) Franco Alonso,A (2425)-Arribas Lopez,A (2292) Parla 2007}) 13... Nc7 14. a4 b6 15. Bf4 f6 16. Bg3 {[%emt 0:07:22] 0x0.0013bc3f9a96dp-1022s more active pieces.} Ne5 17. Be2 Bd7 18. Nd2 Nf7 (18... f5 {seems wilder.} 19. exf5 Bxf5 20. Nde4 e6) 19. Bd3 b5 20. axb5 axb5 21. f4 Qc8 22. Nf3 bxc4 23. Bxc4 Qb7 24. b3 Qb4 25. Ra7 Rb7 26. Rxb7 Qxb7 27. e5 fxe5 28. fxe5 {[%emt 0:00:08] Hoping for e6.} Bf5 29. Qe2 Re8 30. Kh2 Qb4 {[%emt 0:03:11] [#]} (30... Rf8 $16) 31. Ne4 $1 $18 Bxe4 32. Qxe4 Qc3 $2 {[%emt 0:01:17] A mistake that costs the game.} (32... Qb8 $16 33. Qg4 Qc8) 33. Re3 Qb2 (33... Qa1 34. Qh4 Qb1 35. exd6 exd6 36. Rxe8+ Nxe8) 34. Re2 Qa1 35. Qg4 Qa8 36. Ng5 Nh6 37. Qd7 Qd8 38. Qc6 Nf5 39. exd6 exd6 {[%emt 0:00:23] [#]} (39... Nxd6 $142 40. Ne4 (40. Qxc5 Rf8 $18) 40... h5 41. Nxc5 (41. Bxd6 exd6 42. g3 Be5 $11) 41... h4) 40. Qxc7 $3 Rf8 {[%emt 0:03:55] Prevents Qf7+.} 41. Qxd8 Rxd8 42. Ne6 Rd7 43. Nxg7 Kxg7 44. Re6 h5 45. Bf4 h4 46. Bd3 Ne7 47. Be4 Kf7 48. Bxd6 Ng8 49. Bxg6+ {[%emt 0:00:46] White mates.} Kg7 50. Be5+ Nf6 51. Rxf6 Kg8 52. Rc6 Rd8 53. Rc7 Ra8 54. Rh7 Kf8 55. Bf6 Ra7 56. Rh8# {[%emt 0:00:07] Weighted Error Value: White=0.14 (very precise) /Black=0.56} 1-0

[Event "DPEM German Cup 2022"]
[Site "Magdeburg"]
[Date "2022.08.19"]
[Round "4.3"]
[White "Uphoff, Lennart"]
[Black "Heinrich, Julius Tobias"]
[Result "1-0"]
[ECO "D35"]
[WhiteElo "2173"]
[BlackElo "2074"]
[Annotator "TA"]
[PlyCount "71"]
[EventDate "2022.08.10"]
[EventType "k.o."]
[EventCountry "GER"]
[SourceTitle "playchess.com"]
[Source "ChessBase"]
[SourceQuality "1"]
[TimeControl "40/5400+30:900+30"]

1. d4 d5 2. c4 e6 3. Nc3 Nf6 4. cxd5 exd5 5. Bg5 Be7 6. e3 Nbd7 7. Bd3 a6 {[%emt 0:00:11] D35: Queen's Gambit Declined: Exchange Variation.} 8. Nge2 c5 9. dxc5 Nxc5 {[%emt 0:01:19] White is slightly better.} 10. O-O Be6 {[%emt 0:07:44] [#]} 11. Nd4 $146 ({Predecessor:} 11. Nf4 Qa5 12. Bc2 Ncd7 13. Bb3 Rd8 14. Nce2 O-O 15. Nd4 Nc5 16. Bc2 Rfe8 17. Qb1 {1-0 (32) Wahlbom,M (2283)-Savolainen,L (2083) Katerini 2014}) 11... h6 12. Bh4 O-O 13. Nf5 {[%emt 0:03:37] White is more active.} Qd7 14. Nxe7+ Qxe7 15. Be2 Rad8 16. Qd4 g5 17. Bg3 Nfe4 18. Rac1 Rd7 19. Nxe4 Nxe4 20. Be5 f6 21. Bg3 Qf7 22. Bd1 h5 23. f3 Nxg3 24. hxg3 f5 25. Bb3 f4 (25... Qg7 $14) 26. gxf4 gxf4 27. Rfe1 Qg6 $2 {[%emt 0:04:41] Black cannot hold the game after this.} (27... Qf6 $16 {is a better defense.}) 28. exf4 $18 Rg7 {[%emt 0:04:29][%csl Gg7][%cal Rg6g2] [#]} 29. Rc2 {[%emt 0:00:40][%cal Oe1e6,Bc1c2,Bc2e2,Be2e5][%mdl 32] Strongly threatening Rxe6!} Kh7 30. Re5 Bf5 31. Rce2 {[%emt 0:01:10] aiming for g4.} Rc8 (31... Qf6 $142 32. g4 Bg6) 32. Qd2 Bd3 33. Re6 Qf5 34. R2e5 Qh3 35. Qxd3+ Kh8 36. Re8+ {[%emt 0:00:41] Weighted Error Value: White=0.08 (flawless) /Black=0.66} 1-0

[Event "DPEM German Cup 2022"]
[Site "Magdeburg"]
[Date "2022.08.19"]
[Round "4.4"]
[White "Puerckhauer, Soeren"]
[Black "Noetzel, Felix"]
[Result "1/2-1/2"]
[ECO "D02"]
[WhiteElo "2158"]
[BlackElo "2124"]
[Annotator "TA"]
[PlyCount "94"]
[EventDate "2022.08.10"]
[EventType "k.o."]
[EventCountry "GER"]
[SourceTitle "playchess.com"]
[Source "ChessBase"]
[SourceQuality "1"]
[TimeControl "40/5400+30:900+30"]

1. d4 d5 2. Nf3 Nf6 3. Bf4 g6 4. c3 Bg7 5. e3 O-O 6. Bd3 c5 7. Nbd2 Nc6 8. O-O {[%emt 0:00:41] D02: 1 d4 d5 2 Nf3 sidelines, including 2...Nf6 3 g3 and 2...Nf6 3 Bf4.} Nd7 9. Bc2 e5 10. dxe5 Ndxe5 11. Nxe5 Nxe5 12. h3 Be6 {[%emt 0:06:13] [#]} 13. e4 $146 ({Predecessor:} 13. a4 Rc8 14. a5 a6 15. Re1 h6 16. Bg3 Nc6 17. Nb3 Qe7 18. Ra4 Rfd8 19. Bh4 {0-1 (43) Aryan,C (2585)-Adhiban,B (2648) chess24.com INT 2022}) 13... d4 14. Bxe5 Bxe5 15. Nf3 Bg7 16. cxd4 cxd4 17. Bd3 Qa5 18. Qd2 Qxd2 19. Nxd2 Rac8 20. f4 a6 21. Kf2 b5 22. Ke2 Rfd8 23. Rfc1 Bh6 24. Kf3 Bf8 25. a3 f6 26. g4 Bd6 27. Rxc8 Rxc8 28. a4 Bb4 {[%emt 0:02:29] This bishop pair is nice.} 29. Ke2 (29. axb5 $5 axb5 30. f5 $11) 29... bxa4 {[%emt 0:07:36] The position is equal.} 30. Rxa4 a5 31. Ra1 {[%emt 0:00:51] Against Rc1} Rb8 32. Nf3 Bc5 33. Rxa5 Rxb2+ 34. Kf1 Bb6 35. Rb5 Rxb5 36. Bxb5 $11 {[%emt 0:00:02][%mdl 4096] Endgame KBB-KBN} Bb3 37. Ke2 Bc2 38. Bd3 Bb3 39. Nd2 Ba4 40. Bc4+ Kg7 41. Kd3 Bc7 42. f5 h5 43. Nf3 hxg4 44. hxg4 ({Don't blunder} 44. Nxd4 $2 gxh3 45. Nf3 (45. Ne6+ $2 Kh6 $19) 45... g5 $19) 44... gxf5 45. gxf5 Be5 46. Nxd4 Bxd4 47. Kxd4 Kf8 {[%emt 0:00:04] A balanced but interesting game.  Weighted Error Value: White=0.03 (flawless) /Black=0.04 (flawless)} 1/2-1/2

[Event "DPEM German Cup 2022"]
[Site "Magdeburg"]
[Date "2022.08.19"]
[Round "4.5"]
[White "Tiarks, Jann-Christian"]
[Black "Brunke, Pascal"]
[Result "1-0"]
[ECO "C11"]
[WhiteElo "2196"]
[BlackElo "2022"]
[Annotator "NA RC"]
[PlyCount "48"]
[EventDate "2022.08.10"]
[EventType "k.o."]
[EventCountry "GER"]
[SourceTitle "playchess.com"]
[Source "ChessBase"]
[SourceQuality "1"]
[TimeControl "40/5400+30:900+30"]

1. e4 e6 2. d4 d5 3. Nc3 Nf6 4. e5 Nfd7 5. Nce2 c5 6. c3 Nc6 7. Nf3 f6 8. Nf4 Qe7 9. exf6 Nxf6 10. Bd3 Bd7 11. O-O O-O-O 12. Re1 cxd4 13. cxd4 Ne4 14. Bxe4 dxe4 15. Rxe4 g5 16. Nxe6 Bxe6 17. Bxg5 Qd6 18. Bxd8 Kxd8 19. Rxe6 Qxe6 20. d5 Qd6 21. dxc6 bxc6 22. Qa4 Qc5 23. Rd1+ Bd6 24. b4 Ke8 1-0

[Event "DPEM German Cup 2022"]
[Site "Magdeburg"]
[Date "2022.08.19"]
[Round "4.6"]
[White "Foerster, Erik"]
[Black "Schroeder, Christoph"]
[Result "1-0"]
[ECO "E05"]
[WhiteElo "2109"]
[BlackElo "2141"]
[Annotator "NA RC"]
[PlyCount "87"]
[EventDate "2022.08.10"]
[EventType "k.o."]
[EventCountry "GER"]
[SourceTitle "playchess.com"]
[Source "ChessBase"]
[SourceQuality "1"]
[TimeControl "40/5400+30:900+30"]

1. d4 d5 2. Nf3 Nf6 3. g3 e6 4. Bg2 Be7 5. O-O O-O 6. c4 dxc4 7. Qc2 a6 8. a4 Bd7 9. Rd1 Bc6 10. Nc3 a5 11. e4 Na6 12. Ne5 Nb4 13. Qe2 Re8 14. Bf4 Nd7 15. Nxc4 Bg5 16. Bxg5 Qxg5 17. f4 Qe7 18. Qf2 Nf6 19. Ne5 Rad8 20. Rac1 Nd7 21. Nxc6 bxc6 22. Nb1 Ra8 23. Na3 Ra6 24. Nc4 Nb6 25. b3 Nxc4 26. Rxc4 Rb6 27. Rc5 Ra8 28. Bf1 Rbb8 29. Bc4 Rd8 30. Rf1 Qd6 31. f5 Qxd4 32. Qxd4 Rxd4 33. fxe6 fxe6 34. Bxe6+ Kh8 35. Rxa5 Rad8 36. Raf5 g6 37. Rf8+ Rxf8 38. Rxf8+ Kg7 39. Rf7+ Kh8 40. Rxc7 Rxe4 41. Bc4 h5 42. Kf2 h4 43. a5 hxg3+ 44. hxg3 1-0

[Event "DPEM German Cup 2022"]
[Site "Magdeburg"]
[Date "2022.08.19"]
[Round "4.7"]
[White "Pahl, Theis"]
[Black "Kist, Eike Andreas"]
[Result "0-1"]
[ECO "B22"]
[WhiteElo "2246"]
[BlackElo "1697"]
[Annotator "TA"]
[PlyCount "129"]
[EventDate "2022.08.10"]
[EventType "k.o."]
[EventCountry "GER"]
[SourceTitle "playchess.com"]
[Source "ChessBase"]
[SourceQuality "1"]
[TimeControl "40/5400+30:900+30"]

1. e4 c5 2. c3 Nf6 3. e5 Nd5 4. Bc4 Nb6 5. Bb3 d6 6. exd6 e6 7. Nf3 Nc6 8. d4 cxd4 9. cxd4 Bxd6 10. O-O O-O 11. Re1 {[%emt 0:00:26] B22: Sicilian: 2 c3.} Nb4 12. Nc3 Bd7 13. a3 {[%emt 0:00:33] White is slightly better.} N4d5 14. Ne4 {[%emt 0:02:01] [#]} Bf4 $146 ({Predecessor:} 14... Bc6 15. Ne5 Be7 16. Nc5 Bxc5 17. dxc5 Nd7 18. Nxd7 Qxd7 19. Bxd5 Bxd5 20. b4 Qc6 {0-1 (45) Goryachkina,A (2593)-Jacobson,B (2491) Chess.com INT 2021}) 15. Bxf4 Nxf4 16. Ne5 Ng6 17. Qd3 Nxe5 18. dxe5 Bc6 19. Nd6 Qg5 20. f3 Nd5 21. Bc2 $40 {[%emt 0:03:08][%csl Gc2][%cal Rd3h7][%mdl 128] Black needs to defend precisely.} Qh6 22. g3 Ne7 23. f4 Rad8 24. Qe2 Nc8 25. Ne4 Ne7 26. Rad1 Nf5 27. Rxd8 Rxd8 28. Rd1 Rf8 (28... Rc8 $14) 29. Qf2 (29. Ng5 $1 $16 Re8 30. Be4) 29... Qg6 (29... Qh5 $14 30. Rd2 Rc8) 30. Rd2 h5 ({Black should play} 30... Qh5 $14) 31. Ng5 $16 Qh6 $2 (31... Re8 $16) 32. h4 (32. Qxa7 $18 {is more deadly.} g6 33. Be4 Bxe4 34. Nxe4) 32... Rc8 $2 (32... g6 $16 33. Bxf5 gxf5 34. Qxa7 Qg6) 33. Bxf5 $18 exf5 34. Rd6 g6 35. Qd4 (35. Qxa7 Qf8 36. Qd4 Qe7 $18) 35... Qf8 36. e6 $2 ({Don't play} 36. Qxa7 $6 Qe7 $16) (36. Qc4 $18 {Hoping for Rxg6+.} b5 37. Qc5 (37. Rxg6+ Kh8 $11)) 36... f6 $11 37. Nf7 Qe7 38. Nd8 {[%emt 0:03:15] [#]} (38. Rd8+ $11 {keeps the balance.} Rxd8 39. Nxd8) 38... Bb5 (38... Be8 $1 $17 {And now ...Rc1+ would win.} 39. Qd5 Kf8) 39. a4 $2 {[%emt 0:02:29] [#]} (39. Qd5 $1 $11 {and White is okay.}) 39... Bxa4 $1 $19 40. Qd5 $2 (40. Qb4 {is more resistant.}) (40. Rd5 Rc1+) 40... Rc1+ 41. Kf2 Rd1 42. Qxd1 Bxd1 43. Rxd1 {[%emt 0:00:00][%mdl 4096] Endgame KQ-KRN} Kf8 44. Rd7 Qc5+ 45. Ke2 Ke8 46. Nxb7 Qc4+ 47. Kd2 {[%emt 0:00:00] White threatens Nd6+ and mate.} Qxe6 48. Rd3 {[%emt 0:00:00] Re3 is the strong threat.} Qb6 49. Nd6+ Kf8 50. Kc3 Qc5+ ({Wrong is} 50... a5 $2 51. Nc4 Qb5 52. Kd4 $19) 51. Nc4 Kg7 52. b4 Qc7 53. Kb3 Qf7 54. Kc3 Qe6 55. Re3 Qd7 56. Rd3 Qc7 57. Kb3 g5 58. Nd6 {[%emt 0:02:51] White wants to mate with Ne8+.} Kg6 59. hxg5 fxg5 60. Nb5 (60. fxg5 $142 Qc1 61. Nb5) 60... Qf7+ 61. Kc3 gxf4 62. gxf4 h4 63. Kd4 Qd7+ 64. Kc4 Qd6 $4 65. Rxd6+ {[%mdl 32768] Weighted Error Value: White=0.60/Black=0.46. Loss on time!?} 0-1